 Dungeon Crawl Stone Soup version 0.27-a0-277-g024f7ef292 (webtiles) character file.

Game seed: 8990842917855378117

40 Borgoz the Ruffian (level 3, -1/30 HPs)
             Began as a Ghoul Gladiator on Feb 5, 2021.
             Slain by a goblin
             ... wielding a +0 dagger of electrocution
             ... led by Robin
              (2 damage)
             ... on level 2 of the Dungeon.
             The game lasted 00:00:43 (787 turns).

Borgoz the Ruffian (Ghoul Gladiator)                 Turns: 787, Time: 00:00:43

Health: -1/30      AC:  4    Str: 17    XL:     3   Next: 50%
Magic:  2/2        EV: 12    Int:  3    God:
Gold:   65         SH:  0    Dex: 11    Spells: 2/2 levels left

rFire    . . .     SeeInvis .     - Unarmed
rCold    + . .     Faith    .   (no shield)
rNeg     + + +     Spirit   .   a - +0 leather armour
rPois    ∞         Reflect  .   b - +0 helmet
rElec    .         Harm     .   (no cloak)
rCorr    .         Rampage  .   (no gloves)
Will     +....                  (no boots)
Stlth    +.........             (no amulet)
HPRegen  0.00/turn              e - ring of willpower
MPRegen  0.08/turn              (no ring)

@: no status effects
A: claws 1, cold resistance 1, negative energy resistance 3, inhibited
regeneration, torment resistance, unbreathing
a: no special abilities


You were on level 2 of the Dungeon.
You visited 1 branch of the dungeon, and saw 2 of its levels.

You collected 65 gold pieces.

Inventory:

Missiles
 c - 3 throwing nets (quivered)
Armour
 a - a +0 leather armour (worn)
 b - a +0 helmet (worn)
Jewellery
 e - a ring of willpower (left claw)
Scrolls
 d - a scroll of fog {unknown}
 g - 2 scrolls of immolation {unknown}


   Skills:
 + Level 2.8 Fighting
 - Level 1.7 Throwing
 + Level 1.1 Armour
 + Level 3.0 Dodging
 + Level 3.7 Unarmed Combat


You had 2 spell levels left.
You didn't know any spells.
Your spell library was empty.

Dungeon Overview and Level Annotations

Branches:
Dungeon (2/15)

Altars:

Annotations:
D:2 Robin


Innate Abilities, Weirdness & Mutations

You thrive by killing the living.
You are immune to poison.
You have sharp fingernails.
Your flesh is cold resistant. (rC+)
You are immune to negative energy. (rN+++)
You do not regenerate when monsters are visible.
You are immune to unholy pain and torment.
You can survive without breathing.


Message History

A goblin comes into view.
The goblin hits you but does no damage. x2; You are electrocuted!
The goblin misses you.
You are too injured to fight recklessly!
You closely miss the goblin.
The goblin is heavily wounded.
The goblin closely misses you. The goblin hits you with a +0 club.
The goblin hits you but does no damage. x2
You feel better.
Robin roars a battlecry!
The goblins go into a battle-frenzy!
The goblin hits you but does no damage.
You are electrocuted!
Ouch! That really hurt!
* * * LOW HITPOINT WARNING * * *
The goblin hits you but does no damage. The goblin barely misses you. x2
You scratch the goblin.
The goblin is severely wounded.
A goblin comes into view.
The goblin hits you with a +0 dagger of electrocution.
You die...

#.# .#.#.# . #.#
##.#.#.# #
.########.###..#....
........#...##.##.#..
#... #....)†........
##.#.###.#..)###.#....
#..gg....##.## #.#.###
gg.#rgg##..)#.##
#)#....
..g.rgg@g......#
#.##.##
.....gg##...#..#
#.##.# .....gg
##.##..# #.##.#
#..........##..#
#.##.#
###...#######<.#
#.##.# ..... #..#
#.##<# ##.### ....
..##.# #. #..# #.# ...


You could see Robin, 2 hobgoblins, 11 goblins and 2 rats.

Vanquished Creatures
  An adder (D:2)
  A dart slug (D:1)
  A leopard gecko (D:1)
  A ball python (D:1)
  6 hobgoblins
  6 bats (D:1)
  A frilled lizard (D:1)
  3 goblins
  2 kobolds (D:2)
  4 rats (D:1)
26 creatures vanquished.

Notes
Turn   | Place    | Note
-------+----------+-------------------------------------------
     0 | D:1      | Borgoz the Ghoul Gladiator began the quest for the Orb.
     0 | D:1      | Reached XP level 1. HP: 17/17 MP: 0/0
   250 | D:1      | Reached XP level 2. HP: 25/25 MP: 1/1
   640 | D:1      | Reached XP level 3. HP: 30/30 MP: 2/2
   742 | D:2      | Reached skill level 1 in Armour
   780 | D:2      | Noticed Robin
   786 | D:2      | HP: 1/30 [goblin/+0 dagger of electrocution[Robin] (16)]
   787 | D:2      | Slain by a goblin

Illustrated notes

Levels and vault maps discovered:
D:1:      minmay_arrival_four_circles, layout_rooms
D:2:      layout_loops_ring, nicolae_overflow_hidden_temple,
          evilmike_ruin_ashenzari, grunt_decor_fettered, uniq_robin

Skill      XL: |  1  2  3 |
---------------+----------+-----
Dodging        | 3 |  3.0
Armour         | 1 |  1.1
Fighting       | |  2.8
Throwing       | |  1.7
Unarmed Combat | |  3.7

Action                   || total
-------------------------++-------
Melee: Unarmed           ||    73
  Use: Scroll            ||     1
       Potion            ||     1
Armor: Leather armour    ||    26
Dodge: Dodged            ||    62

Table legend: (Time is in decaauts)
 A = Elapsed time spent in this place.
 B = Non-inter-level travel time spent in this place.
 C = Inter-level travel time spent in this place.
 D = Time resting spent in this place.
 E = Time spent auto-exploring this place.
 F = Levels seen in this place.
 G = Mean time per level.
                   A        B        C        D        E       F      G
               +--------+--------+--------+--------+--------+-----+--------+
         Total |    781 |    779 |      2 |     93 |    540 |   2 |  390.5 |
       Dungeon |    781 |    779 |      2 |     93 |    540 |   2 |  390.5 |
               +--------+--------+--------+--------+--------+-----+--------+

Top non-repeatable levels by time:
     D:1: 719 daAuts
     D:2: 62 daAuts
